 Dungeon Crawl Stone Soup version 0.27-a0-1299-g1ab19c6527 (webtiles) character file.

Game seed: 10972412100169907716

469 mordus the Poker (level 6, 0/51 HPs)
             Began as a Draconian Monk on June 16, 2021.
             Succumbed to a killer bee's poison
             ... on level 4 of the Dungeon.
             The game lasted 00:04:44 (4515 turns).

mordus the Poker (Draconian Monk)                   Turns: 4515, Time: 00:04:44

Health: 0/51       AC:  6    Str: 15 (16) XL:     6   Next: 82%
Magic:  6/6        EV: 12    Int:  8 (10) God:
Gold:   134        SH:  0    Dex: 11 (13) Spells: 5/5 levels left

rFire    . . .     SeeInvis .   a - +0 spear
rCold    . . .     Faith    .   (no shield)
rNeg     . . .     Spirit   .   (armour unavailable)
rPois    .         Reflect  .   (helmet restricted)
rElec    .         Harm     .   (no cloak)
rCorr    .         Rampage  .   (no gloves)
Will     .....                  (no boots)
Stlth    ++........             (no amulet)
HPRegen  0.17/turn              (no ring)
MPRegen  0.10/turn              (no ring)

@: mighty, lethally poisoned (0 -> -8)
A: AC +6, unfitting armour, cold-blooded
a: no special abilities


You were on level 4 of the Dungeon.
You visited 1 branch of the dungeon, and saw 4 of its levels.

You collected 134 gold pieces.

Inventory:

Hand Weapons
 a - a +0 spear (weapon)
 k - the +2 quarterstaff of Extermination {venom, rElec rPois rC+ MP-9}
   (You found it on level 4 of the Dungeon)

   It poisons the flesh of those it strikes.
   It protects you from cold.
   It insulates you from electricity.
   It protects you from poison.
   It affects your magic capacity (-9).
Scrolls
 b - a scroll of holy word {unknown}
 d - 2 scrolls of teleportation {unknown}
 e - 2 scrolls of identify {unknown}
 f - a scroll of summoning {unknown}
 g - a scroll of immolation {unknown}
 h - 2 scrolls of noise {unknown}


   Skills:
 - Level 3.2 Fighting
 + Level 7.8 Polearms
 - Level 2.6 Dodging
 - Level 1.7 Stealth


You had 5 spell levels left.
You didn't know any spells.
Your spell library was empty.

Dungeon Overview and Level Annotations

Branches:
Dungeon (4/15)
 Temple: D:4-7

Altars:
Cheibriados
Elyvilon

Shops:
D:3 ([(


Innate Abilities, Weirdness & Mutations

Your plain brown scales are hard. (AC +6)
You cannot fit into any form of body armour.
You are cold-blooded and may be slowed by cold attacks.


Message History

The killer bee is lightly wounded.
The killer bee stings you.
You are poisoned.
The killer bee poisons you! The killer bee barely misses you.
You barely miss the killer bee.
Your tail-slap misses the killer bee.
The killer bee is lightly wounded.
You feel sick. The killer bee barely misses you.
You barely miss the killer bee.
The killer bee is lightly wounded.
You feel sick.
The killer bee stings you but does no damage.
The killer bee barely misses you.
You hit the killer bee but do no damage.
The killer bee is lightly wounded.
You feel sick. The killer bee closely misses you.
You hit the killer bee.
The killer bee is moderately wounded.
You feel sick.
The killer bee stings you but does no damage.
The killer bee stings you.
* * * LOW HITPOINT WARNING * * *
You are lethally poisoned!
The killer bee poisons you!
It was a potion of might.
You feel very mighty all of a sudden.
* * * LOW HITPOINT WARNING * * *
You feel very sick. The killer bee barely misses you.
The killer bee stings you but does no damage.
You hit the killer bee.
The killer bee is severely wounded.
* * * LOW HITPOINT WARNING * * *
You feel sick. The killer bee misses you.
You puncture the killer bee!
You kill the killer bee!
* * * LOW HITPOINT WARNING * * *
You feel sick. The killer bee closely misses you.
You hit the killer bee.
The killer bee is almost dead.
You die...

######### ####
#...y@..# #...
#.....#####.#
#.## #.###.
#.# #.# #.
#.### #.# #.
#...# #.##
..#####.#.####
####.##
#............#
#......
#########.##.#
#.##.##
#.##.###.##...


You could see a killer bee.

Vanquished Creatures
  Sigmund (D:3)
  2 killer bees (D:4)
  A hound (D:2)
  Natasha (thrice) (D:2)
  A killer bee zombie (D:3)
  4 adders
  An adder skeleton (D:4)
  2 dart slugs (D:1)
  2 endoplasms
  4 giant cockroaches
  3 hobgoblins
  9 jackals
  3 quokkas
  A ball python (D:1)
  4 bats
  2 frilled lizards (D:3)
  6 goblins
  4 kobolds
  9 rats
62 creatures vanquished.

Notes
Turn   | Place    | Note
-------+----------+-------------------------------------------
     0 | D:1      | mordus the Draconian Monk began the quest for the Orb.
     0 | D:1      | Reached XP level 1. HP: 19/19 MP: 1/1
   231 | D:1      | Reached XP level 2. HP: 17/26 MP: 2/2
   585 | D:1      | Found a faded altar of an unknown god.
   704 | D:1      | Reached skill level 4 in Polearms
  1149 | D:2      | Reached XP level 3. HP: 24/31 MP: 3/3
  1342 | D:2      | Reached skill level 5 in Polearms
  1342 | D:2      | Reached XP level 4. HP: 28/38 MP: 4/4
  1674 | D:2      | Noticed Natasha
  1693 | D:2      | Killed Natasha
  2066 | D:2      | Noticed Natasha
  2092 | D:2      | Killed Natasha
  2324 | D:2      | Reached XP level 5. HP: 45/45 MP: 5/5
  2377 | D:2      | Noticed Natasha
  2387 | D:2      | Killed Natasha
  2388 | D:2      | Reached skill level 6 in Polearms
  2668 | D:3      | Found Hexeggoe's Weapon Emporium.
  2673 | D:3      | Found Satte's Armour Shoppe.
  2675 | D:3      | Noticed Sigmund
  2891 | D:3      | Killed Sigmund
  2892 | D:3      | Reached skill level 7 in Polearms
  2892 | D:3      | Reached XP level 6. HP: 7/51 MP: 6/6
  3235 | D:3      | Found a snail-covered altar of Cheibriados.
  3347 | D:3      | Found Apsicyh's Antique Armour Emporium.
  3369 | D:3      | Found a white marble altar of Elyvilon.
  3563 | D:3      | Found Ismav's Antique Weapon Emporium.
  4024 | D:4      | Identified the +2 quarterstaff of Extermination {venom,
                  | rElec rPois rC+ MP-9}
  4514 | D:4      | HP: 2/51 [poisoned by a killer bee]
  4515 | D:4      | Succumbed to a killer bee's poison

Illustrated notes

Levels and vault maps discovered:
D:1:      dpeg_arrival_tiny_k, layout_loops_cross,
          chequers_ecumenical_altar_island, minmay_tiny_reverse_x
D:2:      layout_basic, uniq_natasha
D:3:      layout_basic, lemuel_tele_altar, old_standard_altar, serial_shops,
          shop, nicolae_shop_overgrown_old_shop,
          nicolae_shop_temple_entry_statues_fountains,
          nicolae_shop_temple_entry_statues_fountains, hangedman_decor_push,
          minmay_ruptured, uniq_sigmund
D:4:      layout_loops_ring, lemuel_coloured_pillars_altar,
          nemelex_spade_bored_becter, uniq_menkaure

Skill      XL: |  1  2  3  4  5 |
---------------+----------------+-----
Polearms       | 4 5 7 |  7.8
Fighting       | |  3.2
Dodging        | |  2.6
Stealth        | |  1.7

Action                   |  1- 3 |  4- 6 || total
-------------------------+-------+-------++-------
Melee: Spear             |   129 |   229 ||   358
       Tailslap          |    10 |    15 ||    25
  Use: Potion            |       |     5 ||     5
 Stab: Sleeping          |     6 |     6 ||    12
Armor: Skin              |    26 |    54 ||    80
Dodge: Dodged            |    65 |   134 ||   199

Table legend: (Time is in decaauts)
 A = Elapsed time spent in this place.
 B = Non-inter-level travel time spent in this place.
 C = Inter-level travel time spent in this place.
 D = Time resting spent in this place.
 E = Time spent auto-exploring this place.
 F = Levels seen in this place.
 G = Mean time per level.
                   A        B        C        D        E       F      G
               +--------+--------+--------+--------+--------+-----+--------+
         Total |   4467 |   4396 |     71 |   1034 |   2770 |   4 | 1116.8 |
       Dungeon |   4467 |   4396 |     71 |   1034 |   2770 |   4 | 1116.8 |
               +--------+--------+--------+--------+--------+-----+--------+

Top non-repeatable levels by time:
     D:2: 2129 daAuts
     D:3: 914 daAuts
     D:1: 909 daAuts
     D:4: 514 daAuts
